 Dungeon Crawl Stone Soup version 0.29-a0-392-g297d3b089c (webtiles) character file.

Game seed: 2099805038674771618

1 spaghetti the Chiller (level 1, 13/13 HPs)
             Began as a Gnoll Wanderer on May 9, 2022.
             Quit the game on level 1 of the Dungeon.
             The game lasted 00:00:33 (156 turns).

spaghetti the Chiller (Gnoll Wanderer)               Turns: 156, Time: 00:00:34

Health: 13/13      AC: 10    Str:  8    XL:     1   Next: 20%
Magic:  4/4        EV:  4    Int: 11    God:
Gold:   9          SH:  0    Dex: 14    Spells: 4/5 levels left

rFire   . . .      SeeInvis .   a - +0 dagger {short}
rCold   . . .      Faith    .   (no shield)
rNeg    . . .      Spirit   .   c - +0 chain mail
rPois   .          Reflect  .   (no helmet)
rElec   .          Harm     .   (no cloak)
rCorr   .          Rampage  .   (no gloves)
Will    .....                   (no boots)
Stlth   ..........              (no amulet)
HPRegen 0.04/turn               (no ring)
MPRegen 0.09/turn               (no ring)

@: no status effects
A: fangs 1, strong nose, distributed training
a: no special abilities


You were on level 1 of the Dungeon.
You visited 1 branch of the dungeon, and saw 1 of its levels.

You collected 9 gold pieces.


Innate Abilities, Weirdness & Mutations

You have very sharp teeth.
Your uncanny sense of smell can sniff out nearby items.
Your experience applies equally to all skills.


   Skills:
 + Level 0.0 Fighting
 + Level 0.0 Short Blades
 + Level 0.0 Long Blades
 + Level 0.0 Axes
 + Level 0.0 Maces & Flails
 + Level 0.0 Polearms
 + Level 0.0 Staves
 + Level 0.0 Slings
 + Level 0.0 Bows
 + Level 0.0 Crossbows
 + Level 4.4 Throwing
 + Level 6.4 Armour
 + Level 0.0 Dodging
 + Level 0.0 Stealth
 + Level 0.0 Shields
 + Level 0.0 Unarmed Combat
 + Level 2.6 Spellcasting
 + Level 0.0 Conjurations
 + Level 0.0 Hexes
 + Level 0.0 Summonings
 + Level 0.0 Necromancy
 + Level 0.0 Translocations
 + Level 0.0 Transmutations
 + Level 0.0 Fire Magic
 + Level 7.0 Ice Magic
 + Level 0.0 Air Magic
 + Level 0.0 Earth Magic
 + Level 0.0 Poison Magic
 + Level 0.0 Invocations
 + Level 0.0 Evocations


You had 4 spell levels left.
You knew the following spells:

 Your Spells              Type           Power      Damage    Failure   Level
a - Freeze                Ice            64%        1d8       82%         1

Your spell library contained the following spells:

 Spells                   Type           Power      Damage    Failure   Level
 Ozocubu's Armour         Ice            16%        N/A       99%         3

Inventory:

Hand Weapons
 a - a +0 dagger (weapon) {short}
Missiles
 b - 8 boomerangs (quivered) {throwing}
Armour
 c - a +0 chain mail (worn)
Scrolls
 d - a scroll of blinking {!r}

Dungeon Overview and Level Annotations

Branches:
Dungeon (1/15)

Altars:

#...# #...# #...## #...#
#...####.....
#...#####........<..>
.#######....................
..................[..#######
.............#####...#
......####...# #...# .##...
#...# #...# #.. #.@.# #...#
.....g.l.............
..?....................
########################


You could see a goblin and a frilled lizard.


Message History

🤖 Initializing magus.rc ...
Options error: Delay interrupt name "hungry" not recognised. (~/.crawlrc:4761) Options error: Bad monster_list_colour key: strict_neutral (~/.crawlrc:4776) Bad channel name for runrest: 'pray:' ✅ Successfully initialized magus.rc [v1.9.6] Welcome, spaghetti the Gnoll Wanderer.
The astounding Orb of Zot lies far below, as if waiting for you to find it.
Press ? for a list of commands and other information.
Found a leather armour, 9 gold pieces and a robe.
Found an escape hatch in the floor.
Found a staircase leading out of the dungeon.
You begin with the following items: a +0 dagger {short}, 8 boomerangs {throwing}, a +0 chain mail, a scroll of blinking {!r}; and the following spell memorised: Freeze; and the following spells available to memorise: Ozocubu's Armour.
You now have 9 gold pieces.
You see here a +0 leather armour.
An endoplasm comes into view.
An endoplasm is nearby!
You hit the endoplasm but do no damage. The endoplasm barely misses you.
You hit the endoplasm.
The endoplasm hits you but does no damage.
You hit the endoplasm. The endoplasm barely misses you.
You hit the endoplasm but do no damage. The endoplasm freezes you.
You are frozen. 😮 HP[-5]
You take 5 damage, and now have 8/13 hp.
MASSIVE DAMAGE!! (PAUSE)
You hit the endoplasm.
You kill the endoplasm!
Unknown command.
Key pressed, stopping explore.
A frilled lizard and a goblin come into view.
The frilled lizard hisses angrily.
The goblin shouts!
You see here a scroll labelled JUBBAL MUHOBIM. 😎 HP[+5]
Your hp is fully restored (13).
Are you sure you want to abandon this character and quit the game? (Confirm with "yes".)

Action                   || total
-------------------------++-------
Melee: Dagger            ||     5
Armor: Chain mail        ||     1
Dodge: Dodged            ||     2

Levels and vault maps discovered:
D:1:      dpeg_arrival_boxorama, layout_basic

Notes
Turn   | Place    | Note
-------+----------+-------------------------------------------
     0 | D:1      | spaghetti the Gnoll Wanderer began the quest for the Orb.
     0 | D:1      | spaghetti set off with the following items: a +0 dagger
                  | {short}, 8 boomerangs {throwing}, a +0 chain mail, a scroll
                  | of blinking {!r}; and the following spell memorised:
                  | Freeze; and the following spells available to memorise:
                  | Ozocubu's Armour
     0 | D:1      | Reached XP level 1. HP: 13/13 MP: 4/4
     0 | D:1      | magus.rc [v1.9.6]
   156 | D:1      | Quit the game

Vanquished Creatures
  An endoplasm (D:1)
1 creature vanquished.

Table legend:
 A = Non-vault XP
 B = Vault XP
 C = Vault XP percentage of total XP
 D = Non-vault monster count
 E = Vault monster count
 F = Vault count percentage of total count
                 A         B        C        D         E       F
            +---------+---------+-------+---------+---------+-------
      Total |       2 |       0 |   0.0 |       1 |       0 |   0.0
            +---------+---------+-------+---------+---------+-------
        D:1 |       2 |       0 |   0.0 |       1 |       0 |   0.0
            +---------+---------+-------+---------+---------+-------

Illustrated notes

Table legend:
 A = Kills in this place as a percentage of kills in entire the game.
 B = Kills by you in this place as a percentage of kills by you in the entire game.
 C = Kills by friends in this place as a percentage of kills by friends in the entire game.
 D = Other kills in this place as a percentage of other kills in the entire game.
 E = Experience gained in this place as a percentage of experience gained in the entire game.
 F = Experience gained in this place divided by the number of levels of this place that you have seen.
                   A       B       C       D       E      F
               +-------+-------+-------+-------+-------+----------------------
         Total | 100.0 | 100.0 |   N/A |   N/A | 100.0 |   2.0
       Dungeon | 100.0 | 100.0 |   N/A |   N/A | 100.0 |   2.0
               +-------+-------+-------+-------+-------+----------------------

Table legend: (Time is in decaauts)
 A = Elapsed time spent in this place.
 B = Non-inter-level travel time spent in this place.
 C = Inter-level travel time spent in this place.
 D = Time resting spent in this place.
 E = Time spent auto-exploring this place.
 F = Levels seen in this place.
 G = Mean time per level.
                   A        B        C        D        E       F      G
               +--------+--------+--------+--------+--------+-----+--------+
         Total |    156 |    156 |      0 |      0 |    148 |   1 |  156.0 |
       Dungeon |    156 |    156 |      0 |      0 |    148 |   1 |  156.0 |
               +--------+--------+--------+--------+--------+-----+--------+

Top non-repeatable levels by time:
     D:1: 156 daAuts
